 Dungeon Crawl Stone Soup version 0.29-a0-284-gf9362112df (webtiles) character file.

Game seed: 8449264933916970761

17420 sammy202020 the Fighter (level 12, -2/110 HPs)
             Began as a Demonspawn Berserker on Mar 23, 2022.
             Was a High Priest of Trog.
             Slain by a two-headed ogre
             ... wielding a +0 giant club
              (11 damage)
             ... on level 13 of the Dungeon.
             The game lasted 00:28:55 (13145 turns).

sammy202020 the Fighter (Demonspawn Berserker)     Turns: 13145, Time: 00:28:56

Health: -2/110     AC: 23    Str: 21    XL:     12   Next: 18%
Magic:  12/12      EV: 12    Int: 16    God:    Trog [*****.]
Gold:   606        SH:  0    Dex: 21    Spells: 11/11 levels left

rFire   + + .      SeeInvis .   i - +2 broad axe (venom)
rCold   . . .      Faith    .   (no shield)
rNeg    . . .      Spirit   .   E - +3 chain mail {rF+}
rPois   +          Reflect  .   y - +0 helmet
rElec   .          Harm     .   (cloak unavailable)
rCorr   .          Rampage  .   I - +1 pair of gloves
Will    ++...                   q - +1 pair of boots of Patterns {rF+}
Stlth   ..........              (no amulet)
HPRegen 1.28/turn               v - +6 ring of dexterity
MPRegen 0.13/turn               j - +6 ring of intelligence

@: strong-willed, regenerating, unable to read
A: thin metallic scales 1, powered by death 1, robust 1, spiny 2, weakness
stinger 3, agile 1, sense surroundings 1, poison resistance, inability to read
while threatened
a: Renounce Religion, Berserk, Trog's Hand, Brothers in Arms


You were on level 13 of the Dungeon.
You worshipped Trog.
Trog was extremely pleased with you.
You visited 1 branch of the dungeon, and saw 13 of its levels.
You also visited: Sewer.

You collected 816 gold pieces.
You spent 210 gold pieces at shops.

Inventory:

Hand Weapons
 a - a +1 hand axe of flaming
 i - a +2 broad axe of venom (weapon)
 n - the +8 arbalest of the Spheres {speed, Int+4}
   (You found it on level 2 of the Dungeon)

   Attacks with this weapon are significantly faster.
   Int:       It affects your intelligence (+4).
Missiles
 h - 14 javelins (quivered)
 t - 11 poisoned darts
Armour
 p - a +1 cloak
 q - the +1 pair of boots of Patterns (worn) {rF+}
   (You found it on level 2 of the Dungeon)

   rF:        It protects you from fire.
 y - a +0 helmet (worn)
 A - a +0 troll leather armour {Pargi}
 E - a +3 chain mail of fire resistance (worn)
 I - a +1 pair of gloves (worn)
Jewellery
 j - a +6 ring of intelligence (right hand)
 v - a +6 ring of dexterity (left hand)
Wands
 d - a wand of iceblast (18)
 w - a wand of polymorph (17)
 F - a wand of acid (11)
 G - a wand of charming (5)
Scrolls
 b - 5 scrolls of teleportation
 c - a scroll of magic mapping
 e - 2 scrolls of blinking
 g - a scroll of acquirement {unknown}
 u - 3 scrolls of fear
Potions
 f - a potion of cancellation
 k - 7 potions of curing
 l - a potion of lignification {unknown}
 m - 2 potions of attraction {unknown}
 o - 2 potions of resistance
 r - 3 potions of brilliance
 s - a potion of heal wounds
 x - 2 potions of ambrosia {unknown}
 z - a potion of berserk rage {unknown}
 B - a potion of degeneration {unknown}
 C - 2 potions of might
Miscellaneous
 H - a lightning rod (4/4)


   Skills:
 * Level 11.3 Fighting
 * Level 10.4 Axes
 * Level 10.1 Armour
 + Level 7.2 Dodging


You had 11 spell levels left.
You didn't know any spells.
Your spell library was empty.

Dungeon Overview and Level Annotations

Branches:
Dungeon (13/15)            Temple (0/1) D:5            Lair (0/6) D:8
    Orc (0/2) D:12          Sewer (visited)
 Vaults: D:13-14

Altars:
Kikubaaqudgha

Shops:
D:5 ((   D:6 *   D:10 [


Innate Abilities, Weirdness & Mutations

You are partially covered in thin metallic scales. (AC +2)
You regenerate a little health from kills.
You are robust. (+10% HP)
You are mostly covered in sharp spines.
You have a sharp stinger which inflicts weakening toxins.
You are agile. (Dex +2)
You passively map a small area around you.
Your system is resistant to poisons. (rPois)
You sometimes lose the ability to read scrolls when taking damage.


Message History

You can read scrolls again.
The basilisk bites you. The basilisk is struck by your spines.
The basilisk bites you but does no damage.
You barely miss the basilisk.
The basilisk is almost dead.
You kill the basilisk!
Trog accepts your kill.
Found a scale mail.
Things that are here:
a +0 shortbow; a centaur corpse 2 two-headed ogres come into view.
A two-headed ogre is wielding a +0 giant club and a +1 dire flail of protection.
Found a Young Poisoner's Handbook.
The two-headed ogre shouts in stereo! x2
An ogre comes into view. It is wielding a +0 giant spiked club.
An ogre mage and a two-headed ogre come into view.
The ogre mage shouts!
The ogre shouts!
The two-headed ogre shouts in stereo!
The ogre mage points at the two-headed ogre and mumbles some strange words.
The two-headed ogre seems to speed up.
The two-headed ogre is struck by your spines.
The two-headed ogre closely misses you.
The two-headed ogre hits you but does no damage.
The two-headed ogre attacks as you move away!
The two-headed ogre barely misses you. The two-headed ogre closely misses you.
The ogre mage mumbles some strange words.
The ogre mage flickers and vanishes!
Deactivating autopickup; reactivate with Ctrl-A.
The two-headed ogre is struck by your spines.
The two-headed ogre hits you with a +0 giant club!!
You feel threatened and lose the ability to read scrolls!
The two-headed ogre hits you with a +0 giant spiked club!
* * * LOW HITPOINT WARNING * * *
The two-headed ogre is struck by your spines.
The two-headed ogre barely misses you.
The two-headed ogre hits you with a +0 giant spiked club!!
* * * LOW HITPOINT WARNING * * *
Your skin crawls.
You feel strong-willed.
The two-headed ogre hits you with a +0 giant club!
You die...

.........## #.## *
.....## *
.#.#.#.#..####..#
......#
................####,
...[...
.#.#.#.#...........+
,.......
.........##.#...####,
.......
..###.#.###.##....##
......# *#.#.#
#.###.#..###.....# ,
..#^###.###O.....)....#
*
.#*#......@O..#.#.#.#..#
#.*
#####.###...........#
#.# ##.#.#O#.#.## , #.#
*#...?.....# ,
,....#.#.#.#..#
***##....O........
##.#.#.#.#...# * *
#.....:...#.# *
##.......##.#


You could see 3 two-headed ogres and an ogre.

Vanquished Creatures
  Josephine (D:11)
  2 boulder beetles (D:7)
  The ghost of Psyclone the Thaumaturge, a journeyman OpVM of Gozag (D:11)
  2 centaur warriors
  A two-headed ogre (D:12)
  A cyclops (D:11)
  3 manticores
  An elephant (D:8)
  4 trolls
  Prince Ribbit (D:7)
  3 hornets
  2 slime creatures (D:7)
  A culicivora (shapeshifter) (D:13)
  8 wraiths
  3 shadows
  6 yaks (D:11)
  4 wyverns
  4 basilisks
  Grum (D:8)
  9 vampire mosquitoes
  2 acid dragons
  2 water moccasins
  3 sky beasts
  Pargi (Sewer)
  An ice beast (D:5)
  2 black bears
  2 centaurs
  3 wolves (D:8)
  4 lemures (D:5)
  4 phantoms
  A scorpion (D:7)
  4 bullfrogs
  A necrophage (D:6)
  11 wights
  A troll zombie (D:12)
  10 killer bees
  8 howler monkeys
  A vampire bat (D:3)
  5 hounds
  A jelly (D:6)
  4 orc priests
  3 iguanas
  2 orc wizards
  5 ogre zombies (D:12)
  A river rat (D:6)
  6 adders
  A shadow imp (D:8)
  2 white imps
  An ufetubus (D:5)
  3 worms
  A dart slug (D:2)
  3 fire bats (D:3)
  26 orcs
  2 spectral bats (D:3)
  3 bat skeletons (D:3)
  A bat zombie (D:3)
  9 endoplasms
  5 giant cockroaches
  8 goblins
  9 hobgoblins
  12 jackals
  10 kobolds
  4 quokkas
  12 ball pythons
  12 bats
  A bat simulacrum (D:3)
  6 frilled lizards
  2 goblin skeletons (D:12)
  2 goblin zombies (D:12)
  2 hobgoblin zombies (D:12)
  2 orc skeletons (D:12)
  11 orc zombies (D:12)
  7 rats
303 creatures vanquished.

Vanquished Creatures (others)
  2 demonic plants (D:2)
  A fungus (D:8)
  2 plants (D:2)
5 creatures vanquished.

Grand Total: 308 creatures vanquished

Notes
Turn   | Place    | Note
-------+----------+-------------------------------------------
     0 | D:1      | sammy202020 the Demonspawn Berserker began the quest for
                  | the Orb.
     0 | D:1      | Reached XP level 1. HP: 18/18 MP: 1/1
   213 | D:1      | Gained mutation: You are partially covered in sharp spines.
                  | [demonic ancestry]
   213 | D:1      | Reached XP level 2. HP: 8/24 MP: 2/2
   945 | D:1      | Reached XP level 3. HP: 28/29 MP: 3/3
  1083 | D:2      | Reached ** piety under Trog
  1476 | D:2      | Identified the +8 arbalest of the Spheres {speed, Int+4}
  1610 | D:2      | Gained mutation: You are partially covered in thin metallic
                  | scales. (AC +2) [demonic ancestry]
  1610 | D:2      | Reached XP level 4. HP: 36/37 MP: 4/4
  1642 | D:2      | Identified the +1 pair of boots of Patterns {rF+}
  2089 | D:2      | Found a faded altar of an unknown god.
  2089 | D:2      | Noticed an orange demon
  2639 | D:3      | Reached *** piety under Trog
  2661 | D:3      | Reached skill level 4 in Fighting
  2661 | D:3      | Gained mutation: You have a small tail. [demonic ancestry]
  2661 | D:3      | Reached XP level 5. HP: 40/42 MP: 5/5
  3518 | D:4      | Reached XP level 6. HP: 41/49 MP: 6/6
  3951 | D:5      | Entered Level 5 of the Dungeon
  4073 | D:5      | Reached skill level 5 in Fighting
  4073 | D:5      | Gained mutation: You regenerate a little health from kills.
                  | [demonic ancestry]
  4073 | D:5      | Reached XP level 7. HP: 50/56 MP: 7/7
  4333 | D:5      | Found Leet's Antique Weapon Shoppe.
  4482 | D:5      | Noticed a wraith
  4498 | D:5      | Killed a wraith
  4499 | D:5      | Reached skill level 5 in Axes
  4931 | D:5      | Found Weadieva's Antique Weapon Shoppe.
  5007 | D:5      | Found a staircase to the Ecumenical Temple.
  5242 | D:6      | Gained mutation: You are mostly covered in sharp spines.
                  | [demonic ancestry]
  5242 | D:6      | Reached XP level 8. HP: 64/64 MP: 8/8
  5354 | D:6      | Found a glowing drain.
  5363 | Sewer    | Entered a sewer
  5402 | Sewer    | Noticed Pargi
  5407 | Sewer    | Killed Pargi
  5408 | Sewer    | Reached skill level 6 in Fighting
  5408 | Sewer    | Reached skill level 5 in Armour
  5547 | D:6      | Found Nuim's Assorted Antiques.
  5710 | D:6      | Reached **** piety under Trog
  6360 | D:7      | Reached skill level 7 in Fighting
  6360 | D:7      | Reached XP level 9. HP: 65/72 MP: 9/9
  6869 | D:7      | Noticed Prince Ribbit
  6875 | D:7      | Killed Prince Ribbit
  6977 | D:7      | Noticed a boulder beetle
  7002 | D:7      | Killed a boulder beetle
  7003 | D:7      | Reached skill level 8 in Fighting
  7003 | D:7      | Reached skill level 5 in Dodging
  7123 | D:7      | Noticed a troll
  7128 | D:7      | Killed a troll
  7129 | D:7      | Gained mutation: You have a tail ending in a sharp stinger.
                  | [demonic ancestry]
  7129 | D:7      | Reached XP level 10. HP: 62/81 MP: 10/10
  7594 | D:7      | Noticed a boulder beetle
  7609 | D:7      | Killed a boulder beetle
  7854 | D:8      | Reached skill level 9 in Fighting
  7994 | D:8      | Found a staircase to the Lair.
  8107 | D:8      | Noticed an elephant
  8120 | D:8      | Killed an elephant
  8271 | D:8      | Noticed Grum
  8278 | D:8      | Killed Grum
  9165 | D:10     | Entered Level 10 of the Dungeon
  9230 | D:10     | Gained mutation: You have a sharp stinger which inflicts
                  | weakening toxins. [demonic ancestry]
  9230 | D:10     | Reached XP level 11. HP: 90/90 MP: 11/11
  9294 | D:10     | Found Himatwoo's Antique Armour Emporium.
  9301 | D:10     | Bought a glowing chain mail for 210 gold pieces
  9463 | D:10     | Identified the +9 dagger "Hellblazer" {venom, Int-3 Dex+5}
  9463 | D:10     | Noticed a centaur warrior
  9470 | D:10     | Killed a centaur warrior
  9471 | D:10     | Reached skill level 10 in Fighting
  9808 | D:10     | Found an ancient bone altar of Kikubaaqudgha.
 10105 | D:11     | HP: 3/135 [troll (12)]
 10917 | D:11     | Noticed Josephine
 10929 | D:11     | Killed Josephine
 11127 | D:11     | Reached skill level 10 in Axes
 11364 | D:11     | Gained mutation: Armour fits poorly on your strangely
                  | shaped body. [potion of mutation]
 11365 | D:11     | Lost mutation: Armour fits poorly on your strangely shaped
                  | body. [potion of mutation]
 11365 | D:11     | Gained mutation: You are agile. (Dex +2) [potion of
                  | mutation]
 11365 | D:11     | Gained mutation: Your system is resistant to poisons.
                  | (rPois) [potion of mutation]
 11365 | D:11     | Gained mutation: You sometimes lose the ability to read
                  | scrolls when taking damage. [potion of mutation]
 11365 | D:11     | Gained mutation: You passively map a small area around you.
                  | [potion of mutation]
 11440 | D:11     | Found a runed translucent door.
 11443 | D:11     | Noticed Psyclone's ghost (journeyman OpVM)
 11731 | D:11     | Killed Psyclone's ghost
 11900 | D:12     | Reached skill level 11 in Fighting
 12278 | D:12     | Noticed a two-headed ogre
 12285 | D:12     | Killed a two-headed ogre
 12286 | D:12     | Gained mutation: You are robust. (+10% HP) [demonic
                  | ancestry]
 12286 | D:12     | Reached XP level 12. HP: 43/110 MP: 12/12
 12610 | D:12     | Found a staircase to the Orcish Mines.
 12614 | D:12     | Reached skill level 10 in Armour
 12629 | D:12     | Reached ***** piety under Trog
 13116 | D:13     | Noticed a centaur warrior
 13126 | D:13     | Killed a centaur warrior
 13133 | D:13     | Noticed a two-headed ogre
 13133 | D:13     | Noticed a two-headed ogre
 13134 | D:13     | Noticed an ogre mage
 13134 | D:13     | Noticed a two-headed ogre
 13145 | D:13     | Slain by a two-headed ogre

Illustrated notes

Levels and vault maps discovered:
D:1:      dpeg_arrival_yet_another_circle, layout_loops_cross,
          minmay_pentomino_p4
D:2:      layout_loops_ring, serial_forest, infiniplex_forest_lined_room_3,
          infiniplex_forest_straight_4, infiniplex_forest_clump_large,
          infiniplex_forest_straight_4, infiniplex_forest_pool,
          infiniplex_forest_clump_large, infiniplex_forest_clump_medium,
          infiniplex_forest_straight_2, infiniplex_forest_clump_large,
          dreamdust_ecumenical_altar_sealed_demon, minmay_increasing_density
D:3:      layout_basic, goddamned_bats
D:4:      layout_rooms
D:5:      layout_basic, minmay_temple_entry_antechambers, serial_shops, shop,
          nicolae_shop_waterfront, dk_noncrumbling_2, uniq_pikel
D:6:      layout_gridville, lightli_sewer_entry_pipes, serial_shops, shop,
          kennysheep_big_empty_room, grunt_decor_arrowhead, nrook_loot_triangle
D:7:      minmay_blocky_corners, layout_loops_ring, hex_medium,
          uniq_prince_ribbit1
D:8:      layout_gridville, david_lair_generic, uniq_grum
D:9:      layout_gridville
D:10:     minmay_distorted_concentric_squares, layout_small_grid,
          nicolae_kikubaaqudgha_miasma_corner, serial_shops, shop_statue
D:11:     layout_basic, ebering_ghost_reflecting_pool, uniq_josephine
D:12:     layout_basic, zombieorc1_lemuel, hangedman_decor_opposing
D:13:     minmay_box_of_statues, layout_loops_corners,
          ebering_ghost_rock_garden, serial_glass, glass_columns_b,
          glass_columns_b, glass_columns_b, glass_columns_b, glass_columns_c,
          glass_columns_c, chequers_serial_rivers_micro_d

Skill      XL: |  1  2  3  4  5  6  7  8  9 10 11 12 |
---------------+-------------------------------------+-----
Armour         | 2 3 4 6 7 8 9 10 | 10.1
Dodging        | 2 3 4 5 6 7 |  7.2
Axes           | 3 4 5 6 7 8 10 | 10.4
Fighting       | 4 5 7 8 9 11 | 11.3

Action                   |  1- 3 |  4- 6 |  7- 9 | 10-12 || total
-------------------------+-------+-------+-------+-------++-------
Melee: Hand axe          |    93 |    90 |    96 |       ||   279
       Punch             |     2 |       |     4 |     1 ||     7
       Tailslap          |       |     9 |    28 |    37 ||    74
       Broad axe         |       |       |   109 |   260 ||   369
Invok: Berserk           |     1 |     2 |     2 |     3 ||     8
       Trog's Hand       |       |     2 |     1 |     7 ||    10
  Use: Scroll            |       |     9 |    10 |     8 ||    27
       Potion            |       |       |       |     6 ||     6
Armor: Scale mail        |    15 |       |       |       ||    15
       Chain mail        |    30 |    65 |   108 |   154 ||   357
       Plate armour      |       |       |       |    79 ||    79
Dodge: Dodged            |    48 |    57 |    91 |   207 ||   403

Table legend: (Time is in decaauts)
 A = Elapsed time spent in this place.
 B = Non-inter-level travel time spent in this place.
 C = Inter-level travel time spent in this place.
 D = Time resting spent in this place.
 E = Time spent auto-exploring this place.
 F = Levels seen in this place.
 G = Mean time per level.
                   A        B        C        D        E       F      G
               +--------+--------+--------+--------+--------+-----+--------+
         Total |  13433 |  13143 |    290 |   1120 |   9741 |  14 |  959.5 |
       Dungeon |  13246 |  12956 |    290 |   1120 |   9696 |  13 | 1018.9 |
         Sewer |    186 |    186 |      0 |      0 |     45 |   1 |  186.0 |
               +--------+--------+--------+--------+--------+-----+--------+

Top non-repeatable levels by time:
    D:11: 1810 daAuts
     D:7: 1484 daAuts
     D:2: 1250 daAuts
     D:5: 1247 daAuts
    D:12: 1185 daAuts
     D:1: 1095 daAuts
     D:3: 1036 daAuts
     D:6: 1007 daAuts
    D:10: 934 daAuts
     D:8: 734 daAuts
     D:9: 721 daAuts
     D:4: 624 daAuts
   Sewer: 186 daAuts
    D:13: 115 daAuts
